 Dungeon Crawl Stone Soup version 0.27.1-2-g3b301248ec (webtiles) character file.

Game seed: 16059535370710659527

3054 Dexcius the Cleaver (level 9, 0/79 HPs)
             Began as a Minotaur Berserker on Sept 25, 2021.
             Was an Elder of Trog.
             Slain by Grum (8 damage)
             ... on level 8 of the Dungeon.
             The game lasted 00:33:26 (8277 turns).

Dexcius the Cleaver (Minotaur Berserker)            Turns: 8277, Time: 00:33:27

Health: 0/79       AC: 12    Str: 24    XL:     9   Next: 57%
Magic:  8/8        EV: 12    Int:  4    God:    Trog [****..]
Gold:   355        SH:  0    Dex: 11    Spells: 8/8 levels left

rFire    . . .     SeeInvis .   f - +1 war axe (vamp)
rCold    . . .     Faith    .   (no shield)
rNeg     . . .     Spirit   .   j - +1 scale mail
rPois    .         Reflect  .   (helmet restricted)
rElec    +         Harm     .   (no cloak)
rCorr    .         Rampage  .   q - +2 pair of gloves
Will     .....                  (no boots)
Stlth    ..........             (no amulet)
HPRegen  0.23/turn              (no ring)
MPRegen  0.11/turn              (no ring)

@: on berserk cooldown, slowed, very slow
A: horns 2, retaliatory headbutt, electricity resistance, wild magic 1,
MP-powered wands
a: Renounce Religion, Berserk, Trog's Hand, Brothers in Arms


You were on level 8 of the Dungeon.
You worshipped Trog.
Trog was greatly pleased with you.
You visited 1 branch of the dungeon, and saw 8 of its levels.
You also visited: Sewer.

You collected 355 gold pieces.

Inventory:

Hand Weapons
 f - a +1 vampiric war axe (weapon)
Armour
 j - a +1 scale mail (worn)
 q - a +2 pair of gloves (worn)
Wands
 n - a wand of digging (8)
Scrolls
 a - a scroll of brand weapon
 d - 4 scrolls of identify
 e - a scroll of magic mapping
 h - a scroll of blinking
 k - 3 scrolls of teleportation
Potions
 c - 2 potions of curing
 g - a potion of heal wounds
 o - 6 potions of might
 p - a potion of haste


   Skills:
 + Level 7.3 Fighting
 + Level 11.3 Axes
 + Level 8.4 Armour
 + Level 5.0 Dodging
 + Level 1.6 Stealth


You had 8 spell levels left.
You didn't know any spells.
Your spell library was empty.

Dungeon Overview and Level Annotations

Branches:
Dungeon (8/15)             Temple (0/1) D:5           Sewer (visited)
   Lair: D:8-11

Altars:
Cheibriados
Dithmenos
Gozag
Hepliaklqana
Wu Jian

Shops:
D:4 !

Annotations:
D:8 Grum, Joseph


Innate Abilities, Weirdness & Mutations

You have a pair of horns on your head.
You reflexively headbutt those who attack you in melee.
You are resistant to electric shocks. (rElec)
Your spells are a little harder to cast, but a little more powerful.
You expend magic power (3 MP) to strengthen your wands.


Message History

* * * LOW HITPOINT WARNING * * *
You hit the wolf but do no damage.
The wolf is severely wounded.
You closely miss the wolf. The wolf bites you but does no damage.
The wolf barely misses you. The wolf closely misses you.
You furiously retaliate!
You headbutt the wolf.
You kill the wolf!
Trog accepts your kill. The wolf closely misses you.
You hit the wolf.
You feel better.
The wolf is almost dead.
The wolf bites you!
* * * LOW HITPOINT WARNING * * *
The wolf barely misses you. The wolf bites you but does no damage.
You closely miss the wolf. Your headbutt misses the wolf.
The wolf is almost dead.
The wolf barely misses you. You furiously retaliate!
You headbutt the wolf.
You kill the wolf!
Trog accepts your kill.
The bullfrog hits you but does no damage.
You feel much better. The bullfrog hits you. x2
You're still recovering from your berserk rage.
As you read the scroll of fear, it crumbles to dust.
You assume a fearsome visage.
Joseph looks frightened!
Grum looks frightened!
The bullfrog looks frightened!
Cornered, Grum turns to fight!
Grum hits you from afar with a +0 spear!
* * * LOW HITPOINT WARNING * * *
You see here a wolf corpse.
Grum hits you with a +0 spear!
* * * LOW HITPOINT WARNING * * *
Grum hits you but does no damage.
You hit Grum but do no damage. Grum closely misses you.
You slash Grum!
Grum is lightly wounded.
Grum hits you but does no damage.
Joseph nearly stumbles in trying to escape.
You hit Grum. Your headbutt misses Grum.
Grum is moderately wounded.
Grum hits you with a +0 spear!
You die...

#...)### #.....#.................
.......###....##.................
.............####...............#
......#####.## ##..............#
##..#..# ##.## #...........^..#
###.##.###...## ##...............
#.##........###....h..@........
#..#..#####..#..###..h[.§.@....
....## #..†@g# ##........... ..
####### ##.(........ .
#......hg.. .........hF.
##.)..$...... ##.........o
##.........


You could see Grum.

Vanquished Creatures
  4 vampire mosquitoes (D:6)
  2 acid dragons
  2 water moccasins
  An ice beast (D:6)
  3 ogres
  A necrophage (D:7)
  4 wolves (D:8)
  A centaur (D:5)
  2 bullfrogs (Sewer)
  2 scorpions (D:6)
  2 water moccasin zombies (D:6)
  A wyvern skeleton (D:6)
  A water moccasin skeleton (D:5)
  A howler monkey (D:6)
  A bullfrog zombie (D:7)
  A jelly (D:5)
  A gnoll shaman (D:6)
  2 orc priests
  A hound (D:7)
  A bullfrog skeleton (D:4)
  Jessica (D:3)
  Ijyb (D:4)
  5 orc wizards
  A howler monkey zombie (D:7)
  Robin (D:2)
  A howler monkey skeleton (D:4)
  4 gnolls (D:6)
  13 adders
  5 river rats
  2 shadow imps (D:6)
  3 ufetubi
  An adder skeleton (D:4)
  2 worms
  4 dart slugs
  11 orcs
  11 ball pythons
  9 endoplasms
  4 giant cockroaches
  9 goblins
  13 hobgoblins
  3 jackals (D:2)
  6 quokkas
  4 frilled lizards
  8 kobolds
  27 rats
183 creatures vanquished.

Vanquished Creatures (others)
  4 plants (D:3)
4 creatures vanquished.

Grand Total: 187 creatures vanquished

Notes
Turn   | Place    | Note
-------+----------+-------------------------------------------
     0 | D:1      | Dexcius the Minotaur Berserker began the quest for the Orb.
     0 | D:1      | Reached XP level 1. HP: 19/19 MP: 0/0
    79 | D:1      | Noticed a floating eye
    80 | D:1      | Found a faded altar of an unknown god.
    83 | D:1      | Noticed a shining eye
    83 | D:1      | Noticed a great orb of eyes
    83 | D:1      | Noticed an eye of devastation
   380 | D:1      | Reached skill level 4 in Axes
   504 | D:1      | Reached XP level 2. HP: 24/27 MP: 1/1
  1029 | D:2      | Noticed Robin
  1046 | D:2      | Reached XP level 3. HP: 17/33 MP: 2/2
  1052 | D:2      | Killed Robin
  1052 | D:2      | Reached ** piety under Trog
  1383 | D:2      | Reached XP level 4. HP: 40/40 MP: 3/3
  1862 | D:3      | Noticed Jessica
  1867 | D:3      | Killed Jessica
  1868 | D:3      | Reached skill level 5 in Axes
  2677 | D:4      | Reached XP level 5. HP: 47/47 MP: 4/4
  2706 | D:4      | Found Veapeo's Distillery.
  2722 | D:4      | Noticed an ogre
  2728 | D:4      | Killed an ogre
  2729 | D:4      | Reached skill level 1 in Stealth
  2776 | D:4      | Found a shadowy altar of Dithmenos.
  2959 | D:4      | Noticed an ogre
  2964 | D:4      | Killed an ogre
  2965 | D:4      | Reached skill level 6 in Axes
  2965 | D:4      | Reached XP level 6. HP: 11/53 MP: 5/5
  3319 | D:4      | Found a glowing drain.
  3326 | Sewer    | Entered a sewer
  3359 | Sewer    | Reached *** piety under Trog
  3826 | Sewer    | Reached **** piety under Trog
  3827 | Sewer    | Reached skill level 5 in Fighting
  3827 | Sewer    | Reached skill level 7 in Axes
  3827 | Sewer    | Reached skill level 5 in Armour
  3827 | Sewer    | Reached XP level 7. HP: 38/61 MP: 6/6
  4410 | D:4      | Noticed Ijyb
  4420 | D:4      | Killed Ijyb
  4460 | D:4      | Found a hazy altar of Hepliaklqana.
  4599 | D:5      | Entered Level 5 of the Dungeon
  4630 | D:5      | Gained mutation: Your mind is acute. (Int +2) [potion of
                  | mutation]
  4630 | D:5      | Gained mutation: You are weak. (Str -2) [potion of
                  | mutation]
  4631 | D:5      | Lost mutation: Your mind is acute. (Int +2) [potion of
                  | mutation]
  4631 | D:5      | Lost mutation: You are weak. (Str -2) [potion of mutation]
  4631 | D:5      | Gained mutation: A frigid envelope surrounds you and
                  | freezes all who hurt you. [potion of mutation]
  4631 | D:5      | Gained mutation: Your body sometimes deteriorates upon
                  | taking damage. [potion of mutation]
  4724 | D:5      | Found a staircase to the Ecumenical Temple.
  4787 | D:5      | Reached skill level 8 in Axes
  5419 | D:6      | Reached XP level 8. HP: 50/69 MP: 7/7
  5514 | D:6      | Found a snail-covered altar of Cheibriados.
  5707 | D:6      | Reached skill level 9 in Axes
  6016 | D:6      | HP: 2/105 [vampire mosquito (5)]
  6017 | D:6      | Reached skill level 10 in Axes
  6464 | D:6      | Lost mutation: Your body sometimes deteriorates upon taking
                  | damage. [potion of mutation]
  6464 | D:6      | Lost mutation: A frigid envelope surrounds you and freezes
                  | all who hurt you. [potion of mutation]
  6464 | D:6      | Gained mutation: You expend magic power (3 MP) to
                  | strengthen your wands. [potion of mutation]
  6464 | D:6      | Gained mutation: You are resistant to electric shocks.
                  | (rElec) [potion of mutation]
  6464 | D:6      | Gained mutation: Your spells are a little harder to cast,
                  | but a little more powerful. [potion of mutation]
  6550 | D:6      | Reached XP level 9. HP: 78/78 MP: 8/8
  7098 | D:7      | Found an ornate altar of the Wu Jian Council.
  8118 | D:8      | Found an opulent altar of Gozag.
  8244 | D:8      | Reached skill level 11 in Axes
  8244 | D:8      | Noticed Joseph
  8246 | D:8      | Reached skill level 5 in Dodging
  8252 | D:8      | Noticed Grum
  8277 | D:8      | Slain by Grum

Illustrated notes

Levels and vault maps discovered:
D:1:      shiori_arrival_maze, layout_basic,
          hellmonk_ecumenical_altar_watching_god, minmay_pentomino_u4
D:2:      layout_loops_ring, serial_park_tiny_1, lightli_corner_chamber,
          uniq_robin
D:3:      layout_loops_cross, serial_forest, infiniplex_forest_clump_medium,
          infiniplex_forest_lined_room_, infiniplex_forest_clump_diagonal,
          infiniplex_forest_end_3, infiniplex_forest_lined_corner,
          infiniplex_forest_fountain, infiniplex_forest_straight_3,
          infiniplex_forest_clump_cross, kennysheep_cross_bottleneck,
          uniq_jessica
D:4:      layout_gridville, nicolae_hepliaklqana_hazy_memory,
          nicolae_dithmenos_shadow_blocks, serial_shops, shop,
          gup_sewer_entry_spiral, uniq_ijyb
D:5:      layout_basic, temple_pool_b
D:6:      layout_cave_pods, cheibriados_altar_1, kennysheep_generic_room_13
D:7:      minmay_general_purpose_star, layout_basic,
          nicolae_wu_jian_immortal_techniques, patterned_corridor
D:8:      layout_layer_cave, nicolae_gozag_cash_rules_everything_around_me,
          kennysheep_donut, uniq_psyche, uniq_joseph, uniq_grum, uniq_gastronok

Skill      XL: |  1  2  3  4  5  6  7  8  9 |
---------------+----------------------------+-----
Axes           | 4 5 6 7 8 10 11 | 11.3
Fighting       | 4 5 6 7 |  7.3
Armour         | 3 4 5 7 8 |  8.4
Stealth        | 1 |  1.6
Dodging        | 3 4 5 |  5.0

Action                   |  1- 3 |  4- 6 |  7- 9 || total
-------------------------+-------+-------+-------++-------
Melee: Hand axe          |    24 |       |       ||    24
       Headbutt          |     8 |    24 |    30 ||    62
       War axe           |    31 |   175 |   190 ||   396
Invok: Berserk           |     1 |       |     2 ||     3
  Use: Scroll            |       |       |    13 ||    13
       Potion            |       |       |    13 ||    13
 Stab: Sleeping          |     1 |       |       ||     1
Armor: Ring mail         |    24 |     9 |       ||    33
       Scale mail        |       |    65 |   109 ||   174
Dodge: Dodged            |    36 |   107 |   144 ||   287
